 Dungeon Crawl Stone Soup version 0.20.0-15-g7f486f2 (webtiles) character file.

36773 Kosschaser the Carver (level 13, -9/75 HPs)
             Began as a Vine Stalker Fighter on June 17, 2017.
             Was a High Priest of Okawaru.
             Killed by drain life
             ... invoked by a soul eater
             ... summoned by Frances
              (15 damage)
             ... on level 1 of the Elven Halls.
             The game lasted 01:15:15 (14989 turns).

Kosschaser the Carver (Vine Stalker Fighter)       Turns: 14989, Time: 01:15:15

Health: -9/75      AC: 11    Str: 16    XL:     13   Next: 92%
Magic:  0/16       EV: 17    Int:  8    God:    Okawaru [*****.]
Gold:   1219       SH: 12    Dex: 18    Spells: 12/14 levels left

rFire    + . .     SeeInvis +   v - +3 long sword (venom)
rCold    . . .     Gourm    .   c - +0 shield
rNeg     . . .     Faith    .   L - +4 troll leather armour
rPois    .         Spirit   +   (no helmet)
rElec    .         Reflect  .   b - +2 cloak {MR+}
rCorr    .         Harm     .   o - +0 pair of gloves
MR       ++...                  (no boots)
Stlth    +.........             (no amulet)
Regen    1.5/turn               e - +3 ring of evasion
MPRegen  0.2/turn               (no ring)

@: drained
A: fangs 3, see invisible, deformed body, fire resistance 1, mutation resistance
1, regeneration 2, robust 1, weak 2, magic shield, antimagic bite, no potion
heal 3, rot immunity
a: Heroism, Finesse, Renounce Religion


You were on level 1 of the Elven Halls.
You worshipped Okawaru.
Okawaru was extremely pleased with you.
You were not hungry.

You visited 6 branches of the dungeon, and saw 19 of its levels.

You collected 1507 gold pieces.
You spent 288 gold pieces at shops.

Inventory:

Hand Weapons
 l - a +6 falchion of freezing
 v - a +3 long sword of venom (weapon)
 F - a +2 long sword of electrocution
Armour
 b - a +2 cloak of magic resistance (worn)
 c - a +0 shield (worn)
 o - a +0 pair of gloves (worn)
 L - a +4 troll leather armour (worn)
 N - a +2 ring mail of fire resistance
Jewellery
 e - a +3 ring of evasion (left hand)
Wands
 C - a wand of iceblast (6/15)
 K - a wand of lightning (6/15)
Scrolls
 h - 2 scrolls of fog
 j - 5 scrolls of teleportation
 k - 4 scrolls of recharging
 n - 2 scrolls of amnesia
 q - 4 scrolls of remove curse
 t - 2 scrolls of blinking
 I - a scroll of magic mapping {unknown}
Potions
 a - 2 potions of flight {unknown}
 d - 4 potions of might
 g - 2 potions of mutation {unknown}
 m - 2 potions of haste {unknown}
 r - 3 potions of brilliance {unknown}
 s - a potion of ambrosia {unknown}
 w - 3 potions of degeneration {unknown}
 x - a potion of lignification {unknown}
 z - a potion of invisibility {unknown}
 A - 2 potions of curing {unknown}
Books
 y - a book of Misfortune

   Spells                             Type                      Level
   a - Confusing Touch                Hexes                        1
   b - Confuse                        Hexes                        3
   c - Gell's Gravitas                Translocation                3
   d - Petrify                        Transmutation/Earth          4
   e - Metabolic Englaciation         Hexes/Ice                    5
   f - Yara's Violent Unravelling     Hexes/Transmutation          5
 B - a book of Minor Magic

   Spells                             Type                      Level
   a - Magic Dart                     Conjuration                  1
   b - Blink                          Translocation                2
   c - Call Imp                       Summoning                    2
   d - Slow                           Hexes                        2
   e - Conjure Flame                  Conjuration/Fire             3
   f - Mephitic Cloud                 Conjuration/Poison/Air       3
 E - a book of Geomancy

   Spells                             Type                      Level
   a - Sandblast                      Earth                        1
   b - Passwall                       Transmutation/Earth          2
   c - Stone Arrow                    Conjuration/Earth            3
   d - Petrify                        Transmutation/Earth          4
   e - Lee's Rapid Deconstruction     Earth                        5
 J - the Catalogue of Boosts and Ignition
   (You found it on level 1 of the Orcish Mines)

   Spells                             Type                      Level
   a - Flame Tongue                   Conjuration/Fire             1
   b - Song of Slaying                Charms                       2
   c - Throw Flame                    Conjuration/Fire             2
   d - Regeneration                   Charms/Necromancy            3
   e - Conjure Flame                  Conjuration/Fire             3
   f - Inner Flame                    Hexes/Fire                   3
   g - Fireball                       Conjuration/Fire             5
Comestibles
 f - 9 bread rations
 i - 9 meat rations
 p - 2 royal jellies
 D - 5 fruits


   Skills:
 + Level 8.3(7.4) Fighting
 + Level 12.8(11.8) Long Blades
 + Level 8.0(7.1) Armour
 + Level 6.5(5.6) Dodging
 + Level 10.7(9.7) Shields
 + Level 1.4(0.6) Spellcasting
 + Level 4.4(3.6) Hexes
 + Level 0.8(0.0) Invocations


You had 12 spell levels left.
You knew the following spells:

 Your Spells              Type           Power        Failure   Level  Hunger
a - Slow                  Hex            #.......     32%         2    ###....


Dungeon Overview and Level Annotations

Branches:
Dungeon (10/15)            Temple (1/1) D:7            Lair (4/6) D:8
 Shoals (0/4) Lair:2       Spider (1/4) Lair:2          Orc (2/2) D:10
    Elf (1/3) Orc:2

Altars:
Ashenzari
Cheibriados
Dithmenos
Elyvilon
Fedhas
Gozag
Hepliaklqana
Kikubaaqudgha
Makhleb
Nemelex Xobeh
Okawaru
Qazlal
Ru
Sif Muna
Trog
Uskayaw
Vehumet
Xom
Yredelemnul
Zin
The Shining One

Shops:
Orc:2 :*([   Elf:1 %

Annotations:
D:3 GordonOverkill's ghost, amateur DEIE
D:10 Gastronok
Elf:1 Frances


Innate Abilities, Weirdness & Mutations

You have razor-sharp teeth.
You heal very quickly.
When hurt, damage is shared between your health and your magic reserves.
Your bite disrupts and absorbs the magic of your enemies.
Potions cannot restore your health.
You are immune to rotting.
You have supernaturally acute eyesight. (SInv)
Armour fits poorly on your strangely shaped body.
Your flesh is heat resistant. (rF+)
You are somewhat resistant to further mutation.
You are robust. (+10% HP)
You are very weak. (Str -4)


Message History

There is an open door here.
Frances whispers indecipherable words.
Frances seems to speed up.
Frances screams a word of power!
Frances chants phrases taken from a devil's mouth.
The soul eater draws from the surrounding life force!
You see here 11 stones.
Frances screams a word of power!
The shard of ice hits you!
* * * LOW HITPOINT WARNING * * *
Frances is no longer moving quickly.
Frances chants phrases taken from a devil's mouth.
Frances seems to speed up.
Frances screams a word of power!
The iron shot hits you!
* * * LOW HITPOINT WARNING * * *
Frances whispers indecipherable words.
The iron shot misses you.
The soul eater draws from the surrounding life force!
You die...

#..#..#......#..#..
#3.#..#......+..#..
#..#..'......#..#..
#.4#..#......#..#..
#.@+..#......#..#..
#..#..########..#..
#..#............#..
#..#............'..
#.@##############..
#.......}..........
#..................
#..................
#..#+#######..#####
#..#..... #..#
#..#...... #..#
#..#..###..#..#
#..#.. ..#..#


You could see Frances, a soul eater and an ice devil.

Vanquished Creatures
  An orc warlord (Orc:2)
  An ettin (Orc:2)
  2 centaur warriors
  4 two-headed ogres
  4 orc high priests
  An oklob plant (Lair:3)
  4 deep elf magi (Elf:1)
  4 orc sorcerers
  3 orc knights
  An ugly thing (D:10)
  A cyclops (Orc:2)
  A manticore (D:7)
  Joseph (D:8)
  A black mamba (Lair:1)
  The ghost of ANON1729 the Destroyer, a novice TeCj (D:5)
  4 spiny frogs
  A rime drake (Lair:2)
  A demonic crawler (Spider:1)
  6 trolls
  2 jumping spiders (Spider:1)
  A snapping turtle (Lair:2)
  8 blink frogs (Lair:1)
  4 hippogriffs
  The ghost of Kosschaser the Slasher, an amateur VSFi (D:4)
  20 yaks
  2 basilisks
  A hungry ghost (D:8)
  A fire elemental (Elf:1)
  7 water moccasins
  8 wargs
  5 porcupines
  A black bear (D:9)
  25 orc warriors
  3 sky beasts (D:10)
  2 ice beasts (D:5)
  5 wolves
  2 eyes of draining (D:3)
  5 centaurs
  3 phantoms
  A necrophage (D:9)
  17 ogres
  4 crocodiles
  11 bullfrogs
  A big kobold (D:10)
  3 scorpions
  12 killer bees
  7 wights
  3 howler monkeys
  5 crimson imps
  A bullfrog zombie (D:8)
  6 jellies
  A centaur skeleton (D:9)
  Crazy Yiuf (D:6)
  20 orc priests
  6 hounds
  20 orc wizards
  A bullfrog skeleton (D:8)
  4 iguanas
  7 worker ants
  A worker ant zombie (D:10)
  11 gnolls
  4 adders
  A howler monkey skeleton (D:4)
  2 shadow imps
  An ooze (D:1)
  An adder zombie (D:5)
  3 adder skeletons
  2 worms
  3 dart slugs
  A leopard gecko (D:4)
  54 orcs
  A ball python (D:2)
  9 bats
  6 giant cockroaches
  7 goblins
  8 hobgoblins
  17 jackals
  8 quokkas
  6 frilled lizards
  A jackal skeleton (D:7)
  12 kobolds
  2 leopard gecko skeletons
  A quokka skeleton (D:6)
  13 rats
  4 butterflies (D:10)
  2 fungi
460 creatures vanquished.

Vanquished Creatures (others)
  15 fungi
  5 plants
20 creatures vanquished.

Grand Total: 480 creatures vanquished

Notes
Turn   | Place    | Note
-------+----------+-------------------------------------------
     0 | D:1      | Kosschaser the Vine Stalker Fighter began the quest for the Orb.
     0 | D:1      | Reached XP level 1. HP: 11/11 MP: 2/2
   384 | D:1      | Reached XP level 2. HP: 11/16 MP: 3/3
   541 | D:1      | Reached skill level 2 in Long Blades
  1025 | D:1      | Reached XP level 3. HP: 20/20 MP: 2/4
  1345 | D:2      | Found a burning altar of Makhleb.
  1348 | D:2      | Found an ancient bone altar of Kikubaaqudgha.
  1476 | D:2      | Gained mutation: Your natural rate of healing is unusually fast. [Vine Stalker growth]
  1476 | D:2      | Reached XP level 4. HP: 21/24 MP: 5/5
  1952 | D:3      | Reached skill level 1 in Dodging
  2014 | D:3      | Reached XP level 5. HP: 28/28 MP: 6/6
  2063 | D:3      | Found a bloodstained altar of Trog.
  2063 | D:3      | Noticed an eye of draining
  2063 | D:3      | Noticed an eye of draining
  2081 | D:3      | Killed an eye of draining
  2081 | D:3      | Reached skill level 3 in Long Blades
  2093 | D:3      | Killed an eye of draining
  2093 | D:3      | Reached XP level 6. HP: 32/32 MP: 7/7
  2248 | D:3      | Noticed GordonOverkill's ghost (amateur DEIE)
  2428 | D:3      | Reached skill level 4 in Long Blades
  2740 | D:4      | Noticed Kosschaser's ghost (amateur VSFi)
  2817 | D:5      | Entered Level 5 of the Dungeon
  2983 | D:4      | Killed Kosschaser's ghost
  2983 | D:4      | Reached XP level 7. HP: 23/37 MP: 4/8
  3195 | D:4      | Reached skill level 5 in Long Blades
  3737 | D:5      | Noticed ANON1729's ghost (novice TeCj)
  3755 | D:5      | Killed ANON1729's ghost
  3755 | D:5      | Reached skill level 6 in Long Blades
  3755 | D:5      | Gained mutation: You have razor-sharp teeth. [Vine Stalker growth]
  3755 | D:5      | Reached XP level 8. HP: 37/42 MP: 9/9
  3891 | D:5      | Found a hazy altar of Hepliaklqana.
  4165 | D:5      | Reached skill level 7 in Long Blades
  4165 | D:5      | Reached XP level 9. HP: 34/46 MP: 10/10
  4197 | D:5      | Found an iron altar of Okawaru.
  4205 | D:5      | Became a worshipper of Warmaster Okawaru
  4303 | D:6      | Reached skill level 5 in Shields
  4419 | D:6      | Reached * piety under Okawaru
  4568 | D:6      | Reached skill level 5 in Fighting
  4836 | D:6      | Reached skill level 5 in Armour
  5049 | D:6      | Found a runed door.
  5053 | D:6      | Noticed Crazy Yiuf
  5058 | D:6      | Killed Crazy Yiuf
  5278 | D:7      | Reached skill level 8 in Long Blades
  5306 | D:7      | Reached ** piety under Okawaru
  5487 | D:7      | Reached XP level 10. HP: 43/51 MP: 9/11
  5522 | D:7      | Noticed a manticore
  5529 | D:7      | Killed a manticore
  5846 | D:7      | Found a staircase to the Ecumenical Temple.
  5975 | Temple   | Entered the Ecumenical Temple
  6394 | D:8      | Noticed Joseph
  6406 | D:8      | Killed Joseph
  6513 | D:8      | Noticed a two-headed ogre
  6578 | D:9      | Noticed a centaur warrior
  6588 | D:9      | Killed a centaur warrior
  6588 | D:9      | Reached *** piety under Okawaru
  6608 | D:9      | Reached skill level 9 in Long Blades
  6732 | D:9      | Noticed a two-headed ogre
  6737 | D:9      | Killed a two-headed ogre
  6737 | D:9      | Reached **** piety under Okawaru
  6737 | D:9      | Reached XP level 11. HP: 39/56 MP: 12/12
  6952 | D:9      | Found a glowing golden altar of the Shining One.
  7532 | D:8      | Found a staircase to the Lair.
  7661 | D:8      | Killed a two-headed ogre
  7680 | D:8      | Received a gift from Okawaru
  7765 | D:8      | Learned a level 2 spell: Slow
  7927 | D:10     | Entered Level 10 of the Dungeon
  7927 | D:10     | Noticed a centaur warrior
  7936 | D:10     | Killed a centaur warrior
  7936 | D:10     | Reached ***** piety under Okawaru
  7936 | D:10     | Received a gift from Okawaru
  7936 | D:10     | Reached skill level 1 in Hexes
  8053 | D:10     | Noticed Gastronok
  8156 | D:10     | Noticed a two-headed ogre
  8165 | D:10     | Killed a two-headed ogre
  8165 | D:10     | Reached skill level 10 in Long Blades
  8239 | D:10     | Noticed a two-headed ogre
  8252 | D:10     | Killed a two-headed ogre
  8254 | D:10     | Found a staircase to the Orcish Mines.
  8344 | D:10     | Found a runed door.
  8347 | D:10     | Found a runed door.
  8351 | D:10     | Received a gift from Okawaru
  8385 | D:10     | Got a spiked ring mail
  8396 | D:10     | Identified the cursed +0 ring mail "Xischac" {Dex+2} (You found it on level 10 of the Dungeon)
  8508 | D:10     | Gained mutation: You are weak. (Str -2) [mutagenic meat]
  8509 | D:10     | Gained mutation: You are robust. (+10% HP) [mutagenic meat]
  8510 | D:10     | Gained mutation: Your flesh is heat resistant. (rF+) [mutagenic meat]
  8511 | D:10     | Gained mutation: You have supernaturally acute eyesight. (SInv) [mutagenic meat]
  8512 | D:10     | Gained mutation: Armour fits poorly on your strangely shaped body. [mutagenic meat]
  8908 | D:10     | Noticed a purple ugly thing
  8924 | D:10     | Killed a purple ugly thing
  8928 | D:10     | Gained mutation: You are somewhat resistant to further mutation. [mutagenic meat]
  9023 | Orc:1    | Entered Level 1 of the Orcish Mines
  9159 | Orc:1    | Gained mutation: You heal very quickly. [Vine Stalker growth]
  9159 | Orc:1    | Reached XP level 12. HP: 34/68 MP: 7/13
  9262 | Orc:1    | Identified the Catalogue of Boosts and Ignition
  9737 | Orc:2    | Entered Level 2 of the Orcish Mines
  9737 | Orc:2    | Found Vabbitas's Book Boutique.
  9737 | Orc:2    | Noticed an orc warlord
  9737 | Orc:2    | Noticed an orc high priest
  9737 | Orc:2    | Noticed an orc high priest
  9879 | D:10     | Gained mutation: You are very weak. (Str -4) [mutagenic meat]
  9960 | Lair:1   | Entered Level 1 of the Lair of Beasts
 10050 | Lair:1   | Received a gift from Okawaru
 10201 | Lair:1   | Reached skill level 11 in Long Blades
 10966 | Lair:2   | Received a gift from Okawaru
 11058 | Lair:2   | Noticed a five-headed hydra
 11095 | Lair:3   | Noticed a five-headed hydra
 11174 | Lair:4   | Reached skill level 5 in Dodging
 11703 | Lair:2   | Found a hole to the Spider Nest.
 11765 | Lair:2   | HP: 2/69 [12-headed hydra (3)]
 11837 | Spider:1 | Entered Level 1 of the Spider Nest
 11869 | Spider:1 | HP: 3/69 [demonic crawler (7)]
 11875 | Spider:1 | Reached XP level 13. HP: 9/74 MP: 2/14
 12019 | Lair:2   | Found a staircase to the Shoals.
 12559 | Lair:3   | Reached skill level 12 in Long Blades
 13030 | Orc:1    | HP: 1/74 [orc warrior/dire flail (33)]
 13259 | Orc:2    | Noticed an ettin
 13302 | Orc:2    | Found a staircase to the Elven Halls.
 13330 | Orc:2    | Found Zeecelir's General Store.
 13340 | Orc:2    | Reached skill level 10 in Shields
 13374 | Orc:2    | Bought a scroll of identify for 22 gold pieces
 13478 | Elf:1    | Entered Level 1 of the Elven Halls
 13696 | Orc:2    | Killed an orc warlord
 13745 | Orc:2    | Killed an ettin
 13982 | Orc:2    | Reached skill level 1 in Spellcasting
 14198 | Orc:2    | Found Ithraphi's Antique Armour Shoppe.
 14226 | Orc:2    | Bought a pitted leather armour for 266 gold pieces
 14236 | Orc:2    | Identified the +3 leather armour of Hedging {Regen+} (You bought it in a shop on level 2 of the Orcish Mines)
 14281 | Orc:2    | Found Kamma's Antique Weapon Emporium.
 14758 | Elf:1    | Found Guby's Food Emporium.
 14950 | Elf:1    | Noticed Frances
 14986 | Elf:1    | HP: 2/75 [Frances/iron shot (27)]
 14989 | Elf:1    | Killed from afar by a soul eater

Skill      XL: |  1  2  3  4  5  6  7  8  9 10 11 12 13 |
---------------+----------------------------------------+-----
Fighting       | 3 4 5 6 7 8 |  8.3
Long Blades    | 2 3 4 6 7 8 9 10 11 12 | 12.8
Shields        | 3 4 6 7 8 9 10 | 10.7
Dodging        | 1 2 3 5 6 |  6.5
Armour         | 3 4 5 6 7 8 |  8.0
Hexes          | 3 4 |  4.4
Spellcasting   | 1 |  1.4
Invocations    | |  0.8

Action                   |  1- 3 |  4- 6 |  7- 9 | 10-12 | 13-15 || total
-------------------------+-------+-------+-------+-------+-------++-------
Melee: Long sword        |   115 |   174 |   280 |       |   201 ||   770
       Bite              |    37 |    71 |   145 |   333 |   197 ||   783
       Scimitar          |       |       |    36 |    16 |       ||    52
       Falchion          |       |       |       |   822 |   230 ||  1052
 Cast: Slow              |       |       |       |     3 |     5 ||     8
Invok: Heroism           |       |       |       |     2 |     3 ||     5
  Use: Scroll            |     2 |     1 |     5 |    11 |     7 ||    26
  Eat: Chunk             |     2 |     5 |     9 |    29 |     9 ||    54
       Meat ration       |       |       |       |     1 |       ||     1
       Royal jelly       |       |       |       |       |     1 ||     1
Armor: Scale mail        |    63 |    53 |    50 |       |       ||   166
       Chain mail        |       |       |    47 |   101 |       ||   148
       Ring mail         |       |       |       |    75 |    19 ||    94
       Troll leather arm |       |       |       |    15 |    44 ||    59
Dodge: Dodged            |    56 |    65 |   139 |   379 |   220 ||   859
Block: Shield            |    84 |    67 |   170 |   461 |   198 ||   980
       Rpst.: Long sword |    18 |    17 |    45 |       |    36 ||   116
       Scimitar          |       |       |     1 |       |       ||     1
       Falchion          |       |       |       |   109 |    16 ||   125
